 Dungeon Crawl Stone Soup version 0.30.1-3-gfc49f6343a (webtiles) character file.

Game seed: 3726291808112485444

1735093 LordWeiramon the Conqueror (level 27, 244/249 HPs)
             Began as a Formicid Ice Elementalist on July 31, 2023.
             Was the Champion of Okawaru.
             Escaped with the Orb
             ... and 3 runes on Aug 1, 2023!
             The game lasted 04:32:54 (67330 turns).

LordWeiramon the Conqueror (FoIE)                  Turns: 67330, Time: 04:32:54

Health: 244/249    AC: 46    Str: 29 (30) XL:     27
Magic:  34/34      EV: 26    Int: 25      God:    Okawaru [******]
Gold:   4855       SH: 33    Dex: 24 (25) Spells: 29/30 levels left

rFire   + + +        a - +10 bardiche "Filywojo" {vamp, Int+2 Dex+3}
rCold   + + +        q - +8 tower shield of Kooku {rCorr Str+3}
rNeg    + . .        r - +12 gold dragon scales
rPois   +            (helmet unavailable)
rElec   +            Q - +1 cloak of Paff {rElec rC+}
rCorr   +            A - +0 pair of gloves of the Original Sin {rF+ rC+}
SInv    +            m - +3 pair of boots of Azoe {Drain Int+3 Dex+3 Stlth+}
Will    +++..        h - amulet of Uchuqycw {Acrobat rN+ Str+2 Int+3 Slay+2} Stlth
                     N - ring of Duymuosk {Will+ EV+5 Dex+4}
HPRegen 0.61/turn    I - ring of Ejifie Domuq {Wiz Contam rF+ Dex+3}
MPRegen 0.24/turn

%: acrobat, wizardry (x1)
@: flying, studying Short Blades
A: permanent stasis, dig shafts and tunnels, antennae 3, four strong arms,
clumsy 1, deterioration 1, fire resistance 1
0: Orb of Zot
}: 3/15 runes: barnacled, silver, gossamer
a: Dig, Shaft Self, Renounce Religion, Heroism, Finesse, Duel


You escaped.
You worshipped Okawaru.
Okawaru was exalted by your worship.
You visited 10 branches of the dungeon, and saw 50 of its levels.
You also visited: Bailey, Gauntlet, Wizlab and Desolation.

You collected 10512 gold pieces.
You spent 5657 gold pieces at shops.

Inventory:

Hand Weapons
 a - the +10 bardiche "Filywojo" (weapon) {vamp, Int+2 Dex+3}
   (You took it off a deep elf death mage on level 3 of the Elven Halls)

   Int:       It affects your intelligence (+2).
   Dex:       It affects your dexterity (+3).
 b - a +0 halberd of flaming
Missiles
 H - 6 throwing nets (quivered)
Armour
 m - the +3 pair of boots of Azoe (worn) {Drain Int+3 Dex+3 Stlth+}
   (Okawaru gifted it to you on level 1 of the Vaults)

   Int:       It affects your intelligence (+3).
   Dex:       It affects your dexterity (+3).
   Drain:     It drains your maximum health when unequipped.
   Stlth:     It makes you more stealthy.
 q - the +8 tower shield of Kooku (worn) {rCorr Str+3}
   (Okawaru gifted it to you on level 12 of the Dungeon)

   Str:       It affects your strength (+3).
   rCorr:     It protects you from acid and corrosion.
 r - +12 gold dragon scales (worn)
 t - a +2 pair of gloves
 x - the +1 cloak of the Apothecary {-Cast rPois rN+++ Dex+2}
   (You found it on level 3 of the Depths)

   Dex:       It affects your dexterity (+2).
   rPois:     It protects you from poison.
   rN:        It renders you almost immune to negative energy.
   -Cast:     It prevents spellcasting.
 y - the +13 ice dragon scales of Onit {rElec rF- rC++ Int-3 SInv}
   (You found it on level 3 of the Elven Halls)

   Int:       It affects your intelligence (-3).
   rF:        It makes you vulnerable to fire.
   rC:        It greatly protects you from cold.
   rElec:     It insulates you from electricity.
   SInv:      It lets you see invisible.
 A - the +0 pair of gloves of the Original Sin (worn) {rF+ rC+}
   (Okawaru gifted it to you on level 4 of the Depths)

   rF:        It protects you from fire.
   rC:        It protects you from cold.
 L - a +2 pair of boots of flying
 Q - the +1 cloak of Paff (worn) {rElec rC+}
   (You found it in a Gauntlet)

   rC:        It protects you from cold.
   rElec:     It insulates you from electricity.
 S - a +0 pair of gloves of infusion
Jewellery
 c - an amulet of reflection
 h - the amulet of Uchuqycw (around neck) {Acrobat rN+ Str+2 Int+3 Slay+2}
   (You found it on level 1 of the Depths)

   [amulet of the acrobat]

   It increases your evasion while moving and waiting.
   Str:       It affects your strength (+2).
   Int:       It affects your intelligence (+3).
   Slay:      It affects your accuracy & damage with ranged weapons and melee
   (+2).
   rN:        It protects you from negative energy.
 j - a ring of protection from fire
 E - a ring of protection from cold
 I - the ring of Ejifie Domuq (right hand) {Wiz Contam rF+ Dex+3}
   (You found it on level 8 of the Dungeon)

   [ring of wizardry]

   It improves your spell success rate.
   Dex:       It affects your dexterity (+3).
   rF:        It protects you from fire.
   Contam:    It causes magical contamination when unequipped.
 M - the amulet of the Air {Inacc Air Fly rElec RMsl}
   (You took it off a deep elf annihilator on level 3 of the Elven Halls)

   [amulet of nothing]

   Inacc:     It reduces the accuracy of your attacks and spells.
   Air:       It enhances your air magic.
   rElec:     It insulates you from electricity.
   Fly:       It grants you flight.
   RMsl:      It protects you from missiles.
 N - the ring of Duymuosk (left hand) {Will+ EV+5 Dex+4}
   (You took it off a deep elf annihilator on level 3 of the Elven Halls)

   [ring of evasion]

   EV:        It affects your evasion (+5).
   Dex:       It affects your dexterity (+4).
   Will:      It increases your willpower.
 U - the ring of Surprise {rElec rPois Int+2 Dex+5}
   (You found it on level 3 of the Elven Halls)

   [ring of poison resistance]

   Int:       It affects your intelligence (+2).
   Dex:       It affects your dexterity (+5).
   rElec:     It insulates you from electricity.
   rPois:     It protects you from poison.
 Y - a ring of flight
Wands
 n - a wand of paralysis (81)
 w - a wand of flame (94)
 C - a wand of roots (29)
 G - a wand of light (43)
 K - a wand of polymorph (20)
 V - a wand of digging (6)
 W - a wand of mindburst (69)
Scrolls
 f - 4 scrolls of brand weapon
 g - 3 scrolls of poison
 i - 4 scrolls of magic mapping
 v - 14 scrolls of fear
 B - 2 scrolls of enchant armour
 D - 6 scrolls of fog
 P - 8 scrolls of amnesia
 R - a scroll of enchant weapon
 T - 2 scrolls of silence
Potions
 d - 11 potions of ambrosia
 e - 11 potions of might
 k - 26 potions of curing
 l - 6 potions of invisibility
 o - 13 potions of flight
 p - 9 potions of cancellation
 s - 8 potions of magic
 u - 11 potions of heal wounds
 z - 5 potions of resistance
 J - 14 potions of mutation
Miscellaneous
 F - a condenser vane
 O - a lightning rod (4/4)


   Skills:
 O Level 27 Fighting
 + Level 26.3 Polearms
 - Level 22.0 Armour
 - Level 22.0 Dodging
 - Level 2.4 Stealth
 - Level 22.0 Shields
 - Level 2.1 Spellcasting
 - Level 5.0 Ice Magic
 - Level 15.0 Invocations


You had 29 spell levels left.
You knew the following spells:

 Your Spells              Type           Power      Damage    Failure   Level
a - Freeze                Ice            100%       1d10      7%          1

Your spell library contained the following spells:

 Spells                   Type           Power      Damage    Failure   Level
 Frozen Ramparts          Ice            54%        1d9       21%         3
 Ozocubu's Armour         Ice            27%        N/A       21%         3
 Apportation              Tloc           4%         N/A       45%         1
 Magic Dart               Conj           8%         1d3       45%         1
 Sandblast                Erth           4%         2d4       45%         1
 Slow                     Hex            8%         N/A       45%         1
 Sting                    Tmut/Pois      8%         1d3       45%         1
 Hailstorm                Conj/Ice       15%        3d5       47%         3
 Cigotuvi's Dreadful Rot  Necr/Pois/Air  4%         N/A       58%         2
 Lesser Beckoning         Tloc           4%         N/A       58%         2
 Passwall                 Tmut/Erth      1%         N/A       58%         2
 Poisonous Vapours        Pois/Air       4%         N/A       58%         2
 Scorch                   Fire           4%         2d5       58%         2
 Sublimation of Blood     Necr           2%         N/A       58%         2
 Wereblood                Tmut           2%         N/A       58%         2
 Confusing Touch          Hex            2%         N/A       82%         3
 Gell's Gravitas          Tloc           2%         N/A       82%         3
 Mephitic Cloud           Conj/Pois/Air  2%         N/A       82%         3
 Portal Projectile        Hex/Tloc       4%         N/A       82%         3
 Spider Form              Tmut/Pois      2%         N/A       82%         3
 Stone Arrow              Conj/Erth      4%         3d7       82%         3
 Teleport Other           Tloc           2%         N/A       82%         3
 Vampiric Draining        Necr           2%         2d6       82%         3
 Volatile Blastmotes      Fire/Tloc      4%         2d10      82%         3
 Ice Form                 Ice/Tmut       15%        N/A       86%         4
 Anguish                  Hex/Necr       1%         N/A       99%         4
 Cause Fear               Hex            1%         N/A       99%         4
 Dispel Undead            Necr           2%         3d7       99%         4
 Flame Wave               Conj/Fire      2%         2d4       99%         4
 Fulminant Prism          Conj/Hex       1%         3d5       99%         4
 Iskenderun's Mystic Bla  Conj/Tloc      2%         2d3       99%         4
 Leda's Liquefaction      Hex/Erth       1%         N/A       99%         4
 Manifold Assault         Tloc           2%         N/A       99%         4
 Olgreb's Toxic Radiance  Pois           2%         N/A       99%         4
 Petrify                  Tmut/Erth      2%         N/A       99%         4
 Metabolic Englaciation   Hex/Ice        7%         N/A       99%         5
 Alistair's Intoxication  Tmut/Pois      1%         N/A       100%        5
 Blade Hands              Tmut           1%         N/A       100%        5
 Borgnjor's Vile Clutch   Necr/Erth      1%         N/A       100%        5
 Fireball                 Conj/Fire      1%         3d3       100%        5
 Irradiate                Conj/Tmut      1%         3d12      100%        5
 Iskenderun's Battlesphe  Conj           2%         2d6       100%        5
 Lee's Rapid Deconstruct  Erth           1%         3d4*      100%        5
 Conjure Ball Lightning   Conj/Air       1%         3x3d6     100%        6
 Dispersal                Tloc           1%         N/A       100%        6
 Eringya's Noxious Bog    Tmut/Pois      1%         N/A       100%        6
 Iron Shot                Conj/Erth      1%         9d1       100%        6
 Statue Form              Tmut/Erth      1%         N/A       100%        6
 Dragon Form              Tmut           1%         N/A       100%        7
 Enfeeble                 Hex            1%         N/A       100%        7
 Orb of Destruction       Conj           1%         9d5       100%        7
 Discord                  Hex            1%         N/A       100%        8
 Disjunction              Tloc           1%         N/A       100%        8
 Ignition                 Fire           1%         3d3       100%        8
 Necromutation            Tmut/Necr      1%         N/A       100%        8
 Death's Door             Necr           1%         N/A       100%        9
 Call Imp                 Summ           Unusable   N/A       N/A         2
 Call Canine Familiar     Summ           Unusable   N/A       N/A         3
 Tukima's Dance           Hex            Unusable   N/A       N/A         3
 Summon Ice Beast         Ice/Summ       Unusable   N/A       N/A         4
 Animate Dead             Necr           Unusable   N/A       N/A         4
 Summon Mana Viper        Hex/Summ       Unusable   N/A       N/A         5
 Death Channel            Necr           Unusable   N/A       N/A         6
 Simulacrum               Ice/Necr       Unusable   N/A       N/A         6
 Summon Cactus Giant      Summ           Unusable   N/A       N/A         6
 Haunt                    Necr/Summ      Unusable   N/A       N/A         7
 Malign Gateway           Summ/Tloc      Unusable   N/A       N/A         7
 Monstrous Menagerie      Summ           Unusable   N/A       N/A         7
 Summon Hydra             Summ           Unusable   N/A       N/A         7

Dungeon Overview and Level Annotations

Branches:
Dungeon (15/15)            Temple (0/1) D:7            Lair (5/5) D:9
 Shoals (4/4) Lair:2       Spider (4/4) Lair:3        Slime (0/5) Lair:5
    Orc (2/2) D:9             Elf (3/3) Orc:2        Vaults (5/5) D:13
  Crypt (3/3) Vaults:2       Tomb (0/3) Crypt:3      Depths (4/4) D:15
    Zot (5/5) Depths:4     Bailey (visited)          WizLab (visited)
Desolation (visited)      Gauntlet (visited)

Altars:
Ashenzari
Elyvilon
Makhleb
Nemelex Xobeh
Okawaru
Qazlal
Ru
Vehumet
Wu Jian
Xom

Shops:
D:13 !   Orc:2 [?**   Elf:1 :=   Shoals:3 [:**   Vaults:5 ?!!??!

Portals:
Hell: Depths:1 Depths:2 Depths:3 Depths:4
Abyss: Depths:3 Depths:4
Pandemonium: Depths:2
Ziggurat: Depths:2


Innate Abilities, Weirdness & Mutations

You cannot be hasted, slowed, berserked, paralysed or teleported.
You can dig through walls and to a lower floor.
You have a pair of large antennae on your head. (SInv)
Your four strong arms can wield two-handed weapons with a shield.
You are clumsy. (Dex -2)
Your body sometimes deteriorates upon taking damage.
Your flesh is heat resistant. (rF+)


Message History

There is a stone staircase leading down here.
There is a stone staircase leading up here.
You climb upwards.
There is a stone staircase leading down here.
There is a stone staircase leading up here.
You climb upwards.
There is a stone staircase leading down here.
There is an open door here.
You sense a monster nearby.
There is a stone staircase leading up here.
You climb upwards.
There is a stone staircase leading down here.
Unknown command.
A sixfirhy comes into view.
You block the sixfirhy's attack.
You feel very buoyant.
You fly up into the air.
Press: ? - help, v - describe, . - travel A tree.
This square is covered in magical glow.
Unknown command.
A hellion comes into view.
The hellion gives a hideous shriek!
You block the sixfirhy's attack. x2
The sixfirhy attacks as you move away! You block the sixfirhy's attack. x2
The sixfirhy hits you but does no damage.
You block the sixfirhy's attack.
There is a large open door here.
The sixfirhy attacks as you move away! You block the sixfirhy's attack.
There is a large open door here.
You block the sixfirhy's attack. The sixfirhy completely misses you.
The sixfirhy closely misses you. The sixfirhy completely misses you.
The sixfirhy attacks as you move away! You block the sixfirhy's attack.
The sixfirhy attacks as you move away! You block the sixfirhy's attack.
You block the sixfirhy's attack. x3; The sixfirhy completely misses you.
There is an open door here.
The sixfirhy attacks as you move away! You block the sixfirhy's attack.
There is a staircase leading out of the dungeon here.
You block the sixfirhy's attack. x3; The sixfirhy barely misses you.
You have escaped!

###.######## ##. #..........# #..
#######.......>..# ##..
.................# #...
####..#..........#############..†
# ##.##.........................#
###..#####.##.≈≈≈≈≈≈≈≈≈#####≈≈≈≈≈
##..## #.##.≈#######≈#~♣~#≈####
...### #.##.≈#@...8####8####8..
#....#####.##.≈#3....'.......+...
.###.......##.≈#8...8##8#'#8##8..
.# ######.....≈###'######'######'
.# ##....≈#~#.##♣♣.....♣♣##. .#
##...≈♣♣8.#♣~.......~♣#. .#
#...≈#~#{8#.........#8. .####
#...≈###.##...~♣~...##.
....#######....'{..''...♣8♣...''.


You could see a sixfirhy.

Vanquished Creatures
  A seraph (Zot:2)
  3 dread liches
  5 orbs of fire (Zot:5)
  6 ancient liches
  Mara (Vaults:2)
  A juggernaut (Depths:3)
  The ghost of Gadrel the Necromancer, a veteran DgBr (Zot:3)
  Sojobo (Crypt:1)
  A pandemonium lord (D:14)
  5 Killer Klowns (Zot:5)
  3 curse toes
  15 golden dragons
  A bone dragon (Depths:4)
  A Tzitzimitl (D:7)
  Arachne (Spider:2)
  A Hell Sentinel (D:15)
  A shard shrike zombie (Crypt:1)
  Jorgrun (Shoals:1)
  17 tentacled monstrosities
  3 electric golems
  An Ice Fiend (Depths:1)
  26 Orb Guardians
  A titan (shapeshifter) (Depths:3)
  Asterion (Spider:1)
  12 quicksilver dragons
  5 deep elf master archers
  3 deep elf blademasters
  9 liches
  An Executioner (Zot:5)
  5 titans
  A walking frostbound tome (Depths:1)
  7 sphinxes
  Polyphemus (Shoals:2)
  12 death cobs
  20 storm dragons
  3 ancient champions
  16 shadow dragons
  Kirke (Spider:2)
  Roxanne (Shoals:1)
  8 tengu reavers
  11 draconian monks
  A daeva (Zot:2)
  Donald (Spider:3)
  2 revenants (Crypt:3)
  3 fenstrider witches (WizLab)
  Ilsuiw (Shoals:2)
  7 frost giants
  10 draconian knights
  10 vault wardens
  4 emperor scorpions
  12 fire giants
  3 imperial myrmidons (Desolation)
  Aizul (Spider:3)
  15 draconian scorchers
  7 deep elf sorcerers
  2 orc warlords
  6 ghouls
  15 draconian stormcallers
  2 curse skulls (Crypt:1)
  8 draconian shifters
  7 spectral caustic shrikes
  9 ghost moths
  2 angels (Zot:2)
  4 deep elf elementalists (Elf:3)
  The ghost of Potutehi the Blocker, a journeyman DDFi of Makhleb (Orc:1)
  4 spriggan defenders
  2 war gargoyles
  3 cacodemons
  7 draconian annihilators
  16 ironbound preservers
  13 stone giants
  A caustic shrike skeleton (Crypt:1)
  9 vampire knights
  8 ironbound thunderhulks
  22 green draconians
  27 very ugly things
  6 black draconians
  6 deep elf demonologists
  14 dire elephants
  6 deep elf annihilators
  13 white draconians
  Azrael (Elf:2)
  3 minotaurs
  3 eleionomae (WizLab)
  18 purple draconians
  13 red draconians
  A lorocyproca (D:8)
  19 yellow draconians
  8 deep elf death magi
  A halazid warlock (Desolation)
  8 spark wasps
  8 ettins
  A quicksilver dragon zombie (Crypt:2)
  2 merfolk javelineers
  2 spectral quicksilver dragons (Crypt:3)
  3 shambling mangroves (WizLab)
  5 merfolk impalers
  5 crystal guardians
  12 eidola
  7 deep elf high priests
  7 ragged hierophants
  12 fire dragons
  11 jiangshi
  18 yaktaur captains
  Fannar (D:12)
  Josephine (D:11)
  2 spectral spriggans (Crypt:3)
  A spectral fenstrider witch (Crypt:3)
  2 rakshasas
  2 entropy weavers
  7 great orbs of eyes
  9 servants of whispers (Desolation)
  27 vault guards
  4 ice dragons
  A jorogumo (Spider:1)
  A spectral shadow dragon (Crypt:3)
  6 merfolk avatars
  3 radroaches
  5 hydras
  2 ogre magi
  8 ironbound frosthearts
  6 spriggan air magi
  Erolcha (D:12)
  5 peacekeepers
  2 alligator snapping turtles (Shoals:4)
  A catoblepas (Shoals:2)
  3 boulder beetles
  A spriggan skeleton (Crypt:1)
  2 death knights
  10 two-headed ogres
  11 satyrs
  9 centaur warriors
  A two-headed ogre (shapeshifter) (Vaults:5)
  A satyr (shapeshifter) (Vaults:5)
  3 merfolk aquamancers
  7 deep troll shamans
  24 dancing weapons
  10 death yaks
  9 tengu warriors
  5 vampire magi
  A death scarab (Crypt:1)
  2 spectral dire elephants (Crypt:3)
  Urug (Orc:2)
  11 deep troll earth magi
  6 spriggan berserkers
  A spectral storm dragon (Crypt:3)
  A spectral naga (Crypt:3)
  9 deep elf knights
  5 naga sharpshooters (WizLab)
  7 shadow wraiths (Crypt:3)
  3 soul eaters
  A fire crab (Lair:5)
  2 sun moths
  14 iron trolls
  7 skysharks
  19 skeletal warriors
  A spectral bunyip (Crypt:3)
  A goliath frog (shapeshifter) (Vaults:5)
  8 pharaoh ants
  11 sea snakes
  12 flayed ghosts
  A cherub (Zot:2)
  4 glowing orange brains
  43 deep trolls
  9 orb spiders
  6 swamp dragons
  A death drake (Zot:3)
  8 steelbarb worms
  A bog body (Crypt:2)
  14 deep elf archers
  A spectral iron dragon (Crypt:3)
  11 necromancers
  17 phantasmal warriors
  18 deep elf zephyrmancers
  23 ironbound convokers
  6 lindwurms
  A spriggan simulacrum (Crypt:2)
  32 harpies
  9 wizards
  9 orc knights
  9 wolf spiders
  A stone giant zombie (Vaults:3)
  2 shining eyes (Depths:2)
  25 deep elf pyromancers
  3 oklob plants
  2 orc sorcerers
  27 manticores
  28 ugly things
  26 fauns
  A spectral centaur (Crypt:3)
  17 cyclopes
  28 moths of wrath
  4 dire elephant zombies (Crypt:1)
  3 elephants (Lair:4)
  A guardian serpent (shapeshifter) (Depths:4)
  A smoke demon (Zot:2)
  2 alligator snapping turtle zombies
  9 black mambas
  2 naga zombies (Crypt:1)
  8 torpor snails
  3 water nymphs
  6 guardian serpents (Desolation)
  2 stone giant skeletons
  13 merfolk sirens
  4 molten gargoyles
  13 vault sentinels
  6 orange demons
  Joseph (D:7)
  A dire elephant skeleton (Crypt:1)
  A gargoyle (D:14)
  5 demonic crawlers
  3 centaur skeletons (D:13)
  Maggie (D:8)
  31 yaktaurs
  A yellow draconian zombie (Crypt:2)
  A torpor snail (shapeshifter) (Vaults:5)
  10 cane toads
  An efreet (D:14)
  The ghost of TrollFarmer the Firebug, a novice DsFE (D:5)
  3 tengu conjurers
  A black draconian zombie (Crypt:1)
  3 unseen horrors
  A death yak skeleton (Crypt:2)
  19 freezing wraiths
  2 rime drakes
  13 komodo dragons
  A minotaur skeleton (Crypt:3)
  4 spectral harpies (Crypt:3)
  A grey draconian skeleton (Crypt:3)
  2 harpy zombies (Crypt:1)
  A mana viper zombie (Crypt:2)
  A meliai (Lair:3)
  2 meliai (shapeshifter)
  4 wind drakes
  2 polar bears (Lair:3)
  15 hornets
  15 tarantellas
  5 trolls
  24 merfolk
  Prince Ribbit (D:8)
  A culicivora zombie (Crypt:1)
  A guardian serpent zombie (Crypt:2)
  4 hellwings (Zot:2)
  A shadow dragon simulacrum (Crypt:3)
  8 snapping turtles
  16 blink frogs
  8 dream sheep
  59 saltlings
  A dream sheep (shapeshifter) (Vaults:4)
  4 flying skulls (Crypt:1)
  An ice dragon skeleton (Crypt:1)
  A slime creature (shapeshifter) (Depths:2)
  22 jumping spiders
  8 large abominations (Depths:3)
  50 slime creatures
  20 culicivoras
  52 yaks
  2 air elementals (Elf:2)
  4 small abominations (Depths:3)
  A ynoxinul (Depths:2)
  2 wyverns
  A vampire (D:11)
  A shadow (Crypt:3)
  2 ettin skeletons (Orc:1)
  16 wraiths
  5 spriggans
  7 fire elementals
  4 hogs (Spider:2)
  5 basilisks
  25 water elementals
  2 elf skeletons
  3 chaos spawn
  5 neqoxecs
  A wind drake skeleton (Crypt:2)
  A harpy simulacrum (Crypt:3)
  53 redbacks
  6 vampire mosquitoes
  4 steam dragons
  A warg (Orc:2)
  8 hell hounds
  16 water moccasins
  A demonspawn skeleton (Crypt:1)
  48 orc warriors
  A glowing shapeshifter skeleton (Vaults:3)
  2 floating eyes
  3 ice beasts
  3 naga skeletons
  A water nymph skeleton (Crypt:2)
  A cane toad skeleton (Crypt:3)
  A black bear (Lair:1)
  A sky beast (D:7)
  An orc zombie (Orc:1)
  The ghost of cdecastro the Cudgeller, an amateur AtWr of Elyvilon (D:3)
  10 ogres
  A human zombie (Vaults:4)
  3 wolves (Lair:3)
  22 centaurs
  A lindwurm skeleton (Crypt:3)
  A snapping turtle skeleton (Crypt:1)
  3 kobold brigands
  Blork the orc (D:5)
  An elf simulacrum (Vaults:3)
  9 bullfrogs
  A gnoll sergeant (D:11)
  A cyclops zombie (Orc:1)
  7 scorpions
  5 necrophages
  A naga simulacrum (Crypt:1)
  2 wyvern zombies
  2 earth elementals (Elf:3)
  5 wights (D:7)
  A warg skeleton (Crypt:2)
  A water moccasin skeleton (D:5)
  5 killer bees (Lair:3)
  A yak skeleton (Crypt:1)
  A polar bear skeleton (Crypt:2)
  2 bullfrog zombies
  A centaur zombie (D:5)
  5 lava snakes (Lair:5)
  A bullfrog skeleton (D:5)
  7 jellies
  14 orc priests
  Ijyb (D:3)
  7 iguanas
  3 cyclops simulacra (Orc:1)
  3 sleepcaps
  25 orc wizards
  5 hell rats (Lair:3)
  A boggart skeleton (D:13)
  A deep dwarf skeleton (Crypt:3)
  An ogre skeleton (Orc:1)
  4 gnolls (D:11)
  4 adders
  5 orc skeletons (Orc:1)
  3 shadow imps (Gauntlet)
  A swamp drake skeleton (Crypt:1)
  5 white imps
  4 ufetubi
  3 orc simulacra (Orc:1)
  An adder skeleton (Crypt:1)
  A worm (D:4)
  98 orcs
  7 ball pythons
  5 endoplasms
  2 giant cockroaches
  17 goblins
  6 hobgoblins
  15 jackals
  15 kobolds
  6 quokkas
  6 bats
  3 frilled lizards
  A giant cockroach zombie (Crypt:1)
  A hobgoblin zombie (Crypt:3)
  13 rats
  A river rat skeleton (Crypt:2)
2510 creatures vanquished.

Vanquished Creatures (others)
  3 deep elf pyromancers
  A tarantella (Spider:2)
  A water elemental (Elf:3)
  A wyvern (Lair:5)
  An orc (Orc:2)
  A kobold (D:8)
8 creatures vanquished.

Grand Total: 2518 creatures vanquished

Notes
Turn   | Place    | Note
-------+----------+-------------------------------------------
     0 | D:1      | LordWeiramon the Formicid Ice Elementalist began the quest
                  | for the Orb.
     0 | D:1      | Reached XP level 1. HP: 13/13 MP: 3/3
   317 | D:1      | Reached XP level 2. HP: 19/19 MP: 3/5
   458 | D:1      | Reached skill level 1 in Fighting
   574 | D:1      | Reached XP level 3. HP: 26/27 MP: 2/6
   721 | D:1      | Reached skill level 2 in Fighting
  1137 | D:2      | Reached skill level 3 in Fighting
  1300 | D:2      | Reached XP level 4. HP: 34/35 MP: 7/7
  2196 | D:3      | Noticed cdecastro's ghost (amateur AtWr)
  2204 | D:3      | Found a runed translucent gate.
  2204 | D:3      | Found a runed translucent gate.
  2204 | D:3      | Found a runed translucent gate.
  2527 | D:3      | Reached skill level 5 in Ice Magic
  2669 | D:3      | Reached XP level 5. HP: 41/41 MP: 8/8
  2755 | D:3      | Noticed Ijyb
  3090 | D:4      | Reached skill level 4 in Fighting
  3279 | D:4      | Found a shimmering altar of Xom.
  3822 | D:4      | Found an iron altar of Okawaru.
  3827 | D:4      | Became a worshipper of Warmaster Okawaru
  3900 | D:5      | Entered Level 5 of the Dungeon
  3905 | D:5      | Reached XP level 6. HP: 41/49 MP: 9/9
  4075 | D:5      | Noticed Blork the orc
  4088 | D:5      | Killed Blork the orc
  4088 | D:5      | Reached * piety under Okawaru
  4089 | D:5      | Reached XP level 7. HP: 42/55 MP: 10/10
  4336 | D:5      | Reached skill level 5 in Polearms
  4645 | D:5      | Reached ** piety under Okawaru
  4646 | D:5      | Reached XP level 8. HP: 23/61 MP: 11/11
  4837 | D:5      | Found a runed translucent gate.
  4837 | D:5      | Found a runed translucent gate.
  4839 | D:5      | Found a runed translucent gate.
  4842 | D:5      | Noticed TrollFarmer's ghost (novice DsFE)
  5693 | D:3      | Killed Ijyb
  6438 | D:6      | Noticed a wyvern
  6870 | D:6      | Killed a wyvern
  6871 | D:6      | Reached XP level 9. HP: 47/66 MP: 12/12
  7065 | D:7      | Found a staircase to the Ecumenical Temple.
  7153 | D:7      | Found a sacrificial altar of Ru.
  7308 | D:7      | Reached skill level 1 in Invocations
  7452 | D:7      | Found a white marble altar of Elyvilon.
  7459 | D:7      | Found a broken altar of Ashenzari.
  7462 | D:7      | Found a radiant altar of Vehumet.
  7462 | D:7      | Found an ornate altar of the Wu Jian Council.
  7469 | D:7      | Found a burning altar of Makhleb.
  7532 | D:7      | Noticed Joseph
  7673 | D:7      | Killed Joseph
  7673 | D:7      | Reached *** piety under Okawaru
  7674 | D:7      | Reached skill level 10 in Polearms
  8137 | D:8      | Reached skill level 5 in Fighting
  8246 | D:8      | Found a flagged portal.
  8298 | Bailey   | Entered a bailey
  8450 | Bailey   | Noticed an orc knight
  8471 | Bailey   | Killed an orc knight
  8471 | Bailey   | Reached **** piety under Okawaru
  8472 | Bailey   | Reached skill level 5 in Dodging
  8472 | Bailey   | Reached XP level 10. HP: 68/74 MP: 13/13
  8487 | Bailey   | Reached skill level 1 in Armour
  8528 | Bailey   | Reached skill level 5 in Armour
  8651 | Bailey   | Found a large runed translucent door.
  8651 | Bailey   | Found a large runed translucent door.
  8652 | Bailey   | Noticed a deep elf pyromancer
  8699 | Bailey   | Killed a deep elf pyromancer
  8919 | D:8      | Noticed Maggie
  8934 | D:8      | Killed Maggie
  8965 | D:8      | Identified the ring of Ejifie Domuq {Wiz Contam rF+ Dex+3}
  9049 | D:8      | Noticed Prince Ribbit
  9088 | D:8      | Reached skill level 5 in Shields
  9088 | D:8      | Killed Prince Ribbit
  9767 | D:8      | Reached ***** piety under Okawaru
  9768 | D:8      | Reached XP level 11. HP: 66/79 MP: 14/14
 10036 | D:3      | Killed cdecastro's ghost
 10148 | D:5      | Killed TrollFarmer's ghost
 10335 | D:9      | Noticed a death yak
 10337 | D:9      | Noticed a death yak
 10343 | D:9      | Noticed a death yak
 10347 | D:9      | Noticed a death yak
 10347 | D:9      | Noticed a death yak
 10350 | D:9      | Noticed a death yak
 10350 | D:9      | Noticed a death yak
 10351 | D:9      | Noticed a death yak
 10455 | D:9      | Killed a death yak
 10542 | D:9      | Killed a death yak
 10601 | D:9      | Killed a death yak
 10612 | D:9      | Killed a death yak
 10627 | D:9      | Killed a death yak
 10633 | D:9      | Killed a death yak
 10639 | D:9      | Killed a death yak
 10640 | D:9      | Reached skill level 10 in Invocations
 10649 | D:9      | Killed a death yak
 10650 | D:9      | Reached XP level 12. HP: 34/86 MP: 18/20
 10887 | D:9      | Identified a scroll of acquirement
 10911 | D:9      | Found a staircase to the Lair.
 11259 | D:9      | Found a staircase to the Orcish Mines.
 11506 | D:10     | Entered Level 10 of the Dungeon
 11765 | D:10     | Noticed a two-headed ogre
 11783 | D:10     | Killed a two-headed ogre
 12147 | D:11     | Noticed a two-headed ogre
 12169 | D:11     | Killed a two-headed ogre
 12327 | D:11     | Noticed Josephine
 12342 | D:11     | Killed Josephine
 12347 | D:11     | Received a gift from Okawaru
 12938 | D:11     | Acquired 1015 gold pieces
 13009 | Lair:1   | Entered Level 1 of the Lair of Beasts
 13094 | Lair:1   | Reached ****** piety under Okawaru
 13238 | Lair:1   | Found a gate leading to a gauntlet.
 13249 | Lair:1   | Reached skill level 15 in Polearms
 13288 | Gauntlet | Entered a Gauntlet
 13288 | Gauntlet | Noticed a tengu warrior
 13288 | Gauntlet | Noticed a soul eater
 13288 | Gauntlet | Found a transporter.
 13288 | Gauntlet | Found a transporter.
 13307 | Gauntlet | Found a transporter.
 13311 | Gauntlet | Found a transporter.
 13327 | Gauntlet | Found a transporter.
 13331 | Gauntlet | Found a transporter.
 13334 | Gauntlet | Noticed a death scarab
 13337 | Gauntlet | Noticed a death scarab
 13349 | Gauntlet | Found a transporter.
 13365 | Gauntlet | Noticed a cacodemon
 13371 | Gauntlet | Found a transporter.
 13372 | Gauntlet | Found a transporter.
 13376 | Gauntlet | Found a transporter.
 13378 | Gauntlet | Found a runed translucent gate.
 13378 | Gauntlet | Found a runed translucent gate.
 13378 | Gauntlet | Found a runed translucent gate.
 13379 | Gauntlet | Found a large runed translucent door.
 13379 | Gauntlet | Found a large runed translucent door.
 13380 | Gauntlet | Found a large runed translucent door.
 13380 | Gauntlet | Found a large runed translucent door.
 13381 | Gauntlet | Found a large runed translucent door.
 13381 | Gauntlet | Found a large runed translucent door.
 13381 | Gauntlet | Found a large runed translucent door.
 13382 | Gauntlet | Found a large runed translucent door.
 13388 | Gauntlet | Found a large runed translucent door.
 13388 | Gauntlet | Found a large runed translucent door.
 13388 | Gauntlet | Found a runed translucent door.
 13388 | Gauntlet | Found a runed translucent door.
 13389 | Gauntlet | Found a large runed translucent door.
 13390 | Gauntlet | Found a large runed translucent door.
 13392 | Gauntlet | Found a transporter.
 13396 | Gauntlet | Found a transporter.
 13399 | Gauntlet | Found a large runed translucent door.
 13399 | Gauntlet | Found a large runed translucent door.
 13400 | Gauntlet | Found a large runed translucent door.
 13401 | Gauntlet | Found a large runed translucent door.
 13576 | Gauntlet | Killed a soul eater
 13587 | Gauntlet | Identified the +1 cloak of Paff {rElec rC+}
 13749 | Gauntlet | Killed a cacodemon
 13749 | Gauntlet | Received a gift from Okawaru
 13750 | Gauntlet | Reached XP level 13. HP: 40/91 MP: 21/21
 13922 | Gauntlet | Noticed a minotaur
 13950 | Gauntlet | Killed a minotaur
 15195 | Lair:2   | Noticed an eight-headed hydra
 15450 | Lair:2   | Found a staircase to the Shoals.
 15484 | Lair:2   | Reached skill level 10 in Shields
 15905 | Lair:2   | Killed a two-headed hydra
 15905 | Lair:2   | Identified the +1 robe "Daphaoq" {Will+} (Okawaru gifted it
                  | to you on level 2 of the Lair of Beasts)
 15905 | Lair:2   | Received a gift from Okawaru
 17243 | Lair:3   | Identified the +3 leather armour of a Hundred Mystics
                  | {+Blink rElec rN++ Will-}
 17871 | Lair:3   | Reached skill level 6 in Fighting
 17905 | Lair:3   | Found a hole to the Spider Nest.
 18386 | Lair:4   | Noticed a six-headed hydra
 18398 | Lair:4   | Killed a one-headed hydra
 18399 | Lair:4   | Reached XP level 14. HP: 81/101 MP: 22/22
 18498 | Lair:4   | Reached skill level 7 in Fighting
 19305 | Lair:4   | Reached skill level 8 in Fighting
 19560 | Lair:5   | Entered Level 5 of the Lair of Beasts
 19594 | Lair:4   | Reached skill level 9 in Fighting
 19647 | Lair:4   | Identified the +0 plate armour of Lauweumiudgh {Harm}
                  | (Okawaru gifted it to you on level 4 of the Lair of Beasts)
 19647 | Lair:4   | Received a gift from Okawaru
 19723 | Lair:5   | Reached skill level 10 in Fighting
 19789 | Lair:5   | Found a large runed translucent door.
 19789 | Lair:5   | Found a large runed translucent door.
 20489 | Lair:5   | Found the +4 robe of Folly {Brill Will-∞ Int+8}
 20776 | Lair:5   | Found a staircase to the Slime Pits.
 20776 | Lair:5   | Identified the +7 long sword "Ruel" {freeze, rPois}
 21145 | Lair:5   | Reached skill level 10 in Dodging
 21333 | D:12     | Noticed Fannar
 21361 | D:12     | Killed Fannar
 21514 | D:12     | Identified the +8 tower shield of Kooku {rCorr Str+3}
                  | (Okawaru gifted it to you on level 12 of the Dungeon)
 21514 | D:12     | Received a gift from Okawaru
 21576 | D:12     | Noticed Erolcha
 21588 | D:12     | Killed Erolcha
 21589 | D:12     | Reached XP level 15. HP: 115/115 MP: 23/23
 22144 | D:13     | Found Uropne's Distillery.
 22148 | D:13     | Bought a potion of curing for 45 gold pieces
 22148 | D:13     | Bought a potion of heal wounds for 75 gold pieces
 22148 | D:13     | Bought a potion of curing for 45 gold pieces
 22148 | D:13     | Bought a potion of invisibility for 120 gold pieces
 22148 | D:13     | Bought a potion of cancellation for 120 gold pieces
 22148 | D:13     | Bought a potion of might for 60 gold pieces
 22148 | D:13     | Bought a potion of curing for 45 gold pieces
 22148 | D:13     | Bought 2 potions of might for 120 gold pieces
 22383 | D:13     | Found a gate to the Vaults.
 23581 | D:15     | Entered Level 15 of the Dungeon
 23594 | D:15     | Received a gift from Okawaru
 23621 | D:15     | Reached skill level 15 in Shields
 24244 | D:15     | Found a staircase to the Depths.
 24514 | Orc:1    | Entered Level 1 of the Orcish Mines
 24924 | Orc:1    | Found a runed translucent gate.
 24926 | Orc:1    | Found a runed translucent gate.
 24927 | Orc:1    | Found a runed translucent gate.
 24933 | Orc:1    | Noticed Potutehi's ghost (journeyman DDFi)
 24962 | Orc:1    | Killed Potutehi's ghost
 25244 | Orc:1    | Reached XP level 16. HP: 122/122 MP: 24/24
 25387 | Orc:2    | Entered Level 2 of the Orcish Mines
 25387 | Orc:2    | Found a staircase to the Elven Halls.
 25531 | Orc:2    | Noticed Urug
 25555 | Orc:2    | Killed Urug
 25573 | Orc:2    | Reached skill level 10 in Armour
 26020 | Orc:2    | Found Nekiraq's Assorted Antiques.
 26020 | Orc:2    | Found Wokio's Magic Scroll Shop.
 26020 | Orc:2    | Found Peisihish's Antique Armour Boutique.
 26024 | Orc:2    | Found Yxkup's General Store.
 26036 | Orc:2    | Bought a scroll of brand weapon for 142 gold pieces
 26036 | Orc:2    | Bought a potion of curing for 45 gold pieces
 26036 | Orc:2    | Bought a potion of resistance for 150 gold pieces
 26036 | Orc:2    | Bought 2 potions of flight for 90 gold pieces
 26036 | Orc:2    | Bought a scroll of enchant weapon for 112 gold pieces
 26039 | Orc:2    | Bought a scroll of fog for 60 gold pieces
 26039 | Orc:2    | Bought a scroll of enchant armour for 112 gold pieces
 26039 | Orc:2    | Bought a scroll of fog for 60 gold pieces
 26039 | Orc:2    | Bought a scroll of enchant armour for 112 gold pieces
 26039 | Orc:2    | Bought 3 scrolls of fear for 180 gold pieces
 26041 | Orc:2    | Bought a pair of embroidered gloves for 285 gold pieces
 26052 | Orc:2    | Bought a pair of ichor-stained boots for 361 gold pieces
 26052 | Orc:2    | Identified the +2 pair of boots of the Thistle {Regen+}
                  | (You bought it in a shop on level 2 of the Orcish Mines)
 26061 | Orc:2    | Bought 2 scrolls of silence for 475 gold pieces
 26369 | Spider:1 | Entered Level 1 of the Spider Nest
 26396 | Lair:3   | Received a gift from Okawaru
 26554 | Spider:1 | Noticed Asterion
 26582 | Spider:1 | Killed Asterion
 26627 | Spider:1 | Noticed an emperor scorpion
 26640 | Spider:1 | Killed an emperor scorpion
 26864 | Spider:1 | Received a gift from Okawaru
 27276 | Spider:1 | Identified the +0 robe of Pikhyane {rC+ rN+ Dex-5}
 27948 | Spider:2 | Noticed Kirke
 28021 | Spider:2 | Noticed Arachne
 28080 | Spider:2 | Killed Arachne
 28187 | Spider:2 | Identified the +1 pair of boots "Ukhlont" {Str+2 Stlth+}
 28267 | Spider:2 | Killed Kirke
 28267 | Spider:2 | Identified the +1 cloak "Entosch" {rC+ Int+2} (Okawaru
                  | gifted it to you on level 2 of the Spider Nest)
 28267 | Spider:2 | Received a gift from Okawaru
 28268 | Spider:2 | Reached XP level 17. HP: 128/128 MP: 23/25
 29325 | Spider:3 | Noticed Aizul
 29328 | Spider:3 | Identified the +0 kite shield "Nuom Hed" {SInv}
 29328 | Spider:3 | Noticed Donald
 29352 | Spider:3 | Killed Aizul
 29364 | Spider:3 | Killed Donald
 29549 | Spider:4 | Entered Level 4 of the Spider Nest
 30385 | Spider:4 | Reached skill level 11 in Fighting
 30505 | Spider:4 | Identified the +0 chain mail of the Peculiar Artisans
                  | {rElec rC+} (Okawaru gifted it to you on level 4 of the
                  | Spider Nest)
 30505 | Spider:4 | Received a gift from Okawaru
 30596 | Spider:4 | Identified the +6 spear "Hunat" {heavy, Str+4 SInv}
 30736 | Spider:4 | Reached skill level 12 in Fighting
 30810 | Spider:4 | Got a gossamer rune of Zot
 31129 | Shoals:1 | Entered Level 1 of the Shoals
 31160 | Shoals:1 | Reached skill level 13 in Fighting
 31160 | Shoals:1 | Reached XP level 18. HP: 143/143 MP: 26/26
 31371 | Shoals:1 | Identified the +0 scale mail of the Rose {Int+6}
 31566 | Shoals:1 | Noticed Jorgrun
 31585 | Shoals:1 | Killed Jorgrun
 31621 | Shoals:1 | Reached skill level 14 in Fighting
 32069 | Shoals:1 | Noticed Roxanne
 32434 | Shoals:2 | Received a gift from Okawaru
 32443 | Shoals:2 | Reached skill level 15 in Fighting
 32787 | Shoals:2 | Noticed Ilsuiw
 32874 | Shoals:2 | Got Wipanoub's Excursus on Rocky Bad Luck
 33320 | Shoals:2 | Killed Ilsuiw
 33584 | Shoals:3 | Found Pemod's Book Shoppe.
 33661 | Shoals:2 | Received a gift from Okawaru
 34086 | Shoals:3 | Found Awiruusi's Assorted Antiques.
 34110 | Shoals:3 | Noticed Polyphemus
 34129 | Shoals:2 | Killed Polyphemus
 34255 | Shoals:3 | Found Rosiz's Assorted Antiques.
 34257 | Shoals:3 | Bought a pair of glowing gloves for 270 gold pieces
 34331 | Shoals:3 | Reached XP level 19. HP: 153/155 MP: 27/27
 34639 | Shoals:3 | Found Dafixzul's Armour Boutique.
 34732 | Shoals:3 | Received a gift from Okawaru
 35028 | Shoals:4 | Entered Level 4 of the Shoals
 35259 | Shoals:4 | Reached skill level 15 in Armour
 36219 | Shoals:4 | Got a barnacled rune of Zot
 36221 | Shoals:4 | Identified the +0 chain mail of Uskayaw's Vengeance {Dex+4}
 36523 | Shoals:4 | Identified the staff of air "Ystahiah" {rElec Will+}
 36852 | Elf:1    | Entered Level 1 of the Elven Halls
 36903 | Elf:1    | Found Roufapp's Book Shoppe.
 36928 | Elf:1    | Received a gift from Okawaru
 36966 | Elf:1    | Found Fuutz's Jewellery Emporium.
 37719 | Elf:1    | Reached XP level 20. HP: 121/162 MP: 28/28
 38480 | Elf:2    | Received a gift from Okawaru
 38501 | Elf:2    | Identified the +7 plate armour of the End {Slay+2}
 38697 | Elf:2    | Found a huge runed translucent gate.
 38697 | Elf:2    | Found a huge runed translucent gate.
 38702 | Elf:2    | Found a huge runed translucent gate.
 38703 | Elf:2    | Found a huge runed translucent gate.
 38704 | Elf:2    | Found a huge runed translucent gate.
 38982 | Elf:2    | Noticed Azrael
 39014 | Elf:2    | Killed Azrael
 39571 | Elf:3    | Entered Level 3 of the Elven Halls
 39911 | Elf:3    | Received a gift from Okawaru
 40228 | Elf:3    | Identified the scarf "Wosigg" {+Inv, rC++ SInv}
 40808 | Elf:3    | Identified the +10 bardiche "Filywojo" {vamp, Int+2 Dex+3}
 40939 | Elf:3    | Noticed a Brimstone Fiend
 40950 | Elf:3    | Received a gift from Okawaru
 40992 | Elf:3    | Acquired 959 gold pieces
 41073 | Elf:3    | Identified the +5 battleaxe of Recklessness {venom, Dex+3
                  | Stlth+}
 41073 | Elf:3    | Identified the ring of Duymuosk {Will+ EV+5 Dex+4}
 41190 | Elf:3    | Reached XP level 21. HP: 168/168 MP: 29/29
 41217 | Elf:3    | Identified the +1 spear of Ocheuboe {holy, *Slow rN++ Int+3
                  | Stlth+}
 41228 | Elf:3    | Identified the amulet of Joriuk {Spirit +Blink Fly}
 41274 | Elf:3    | Identified the staff of poison "Huwuaduone" {rPois Str+3}
 41278 | Elf:3    | Identified the +1 rapier "Cielihac" {freeze, Fragile Fly
                  | rC++}
 41282 | Elf:3    | Identified the ring of Surprise {rElec rPois Int+2 Dex+5}
 41285 | Elf:3    | Identified the +13 ice dragon scales of Onit {rElec rF-
                  | rC++ Int-3 SInv}
 41576 | Vaults:1 | Entered Level 1 of the Vaults
 41818 | Vaults:1 | Found a crumbling gateway.
 41845 | Desolati | Entered the Desolation of Salt
 41905 | Desolati | Received a gift from Okawaru
 42010 | Desolati | Identified the +8 lajatang "Gurr" {antimagic, rElec rN+
                  | Will+ Int-3}
 42129 | Desolati | Identified the +1 ice dragon scales of the Sea {-Tele rF-
                  | rC++ Will+++ rCorr Dex+3}
 42467 | Desolati | Got the Directory of Moulding
 42468 | Desolati | Identified the +0 robe of Apathy {Str+3 Archmagi}
 42470 | Desolati | Identified the +6 chain mail "Bocryv" {-Tele rElec Str+9
                  | Dex-4}
 42994 | Vaults:1 | Identified the +3 pair of boots of Azoe {Drain Int+3 Dex+3
                  | Stlth+} (Okawaru gifted it to you on level 1 of the Vaults)
 42994 | Vaults:1 | Received a gift from Okawaru
 43946 | Vaults:2 | Reached XP level 22. HP: 175/175 MP: 30/30
 43986 | Vaults:2 | Reached skill level 15 in Dodging
 44280 | Vaults:2 | Noticed Mara
 44290 | Vaults:2 | Noticed LordWeiramon's illusion
 44293 | Vaults:2 | Killed Mara
 44641 | Vaults:2 | Found a staircase to the Crypt.
 45275 | Vaults:3 | Received a gift from Okawaru
 45341 | Vaults:3 | Reached skill level 16 in Fighting
 46247 | Vaults:4 | Reached skill level 17 in Fighting
 46290 | Vaults:4 | Identified the +6 halberd "Xiydwac" {protect, Contam Will+
                  | Int+3 Dex+5} (Okawaru gifted it to you on level 4 of the
                  | Vaults)
 46290 | Vaults:4 | Received a gift from Okawaru
 46291 | Vaults:4 | Reached XP level 23. HP: 187/187 MP: 31/31
 46700 | Vaults:4 | Reached skill level 18 in Fighting
 46870 | Vaults:4 | Received a gift from Okawaru
 47051 | Vaults:4 | Identified the +5 short sword of the Manifold Realms
                  | {flame, Dex+2}
 47534 | Crypt:1  | Entered Level 1 of the Crypt
 47628 | Crypt:1  | Reached skill level 19 in Fighting
 47658 | Crypt:1  | Identified the +0 tower shield of the Shrieking Wumpus
                  | {Str+2} (Okawaru gifted it to you on level 1 of the Crypt)
 47658 | Crypt:1  | Received a gift from Okawaru
 47746 | Crypt:1  | Noticed Sojobo
 47761 | Crypt:1  | Found a magical portal.
 47775 | Crypt:1  | Killed Sojobo
 47841 | WizLab   | Entered Eringya's Formal Garden
 48048 | WizLab   | Reached skill level 20 in Fighting
 48123 | WizLab   | Found a blossoming altar of Fedhas.
 48906 | Crypt:1  | Reached XP level 24. HP: 192/201 MP: 31/31
 48921 | Crypt:1  | Identified the +0 ring mail of Distant Shores {rN+}
                  | (Okawaru gifted it to you on level 1 of the Crypt)
 48921 | Crypt:1  | Received a gift from Okawaru
 50746 | Crypt:3  | Entered Level 3 of the Crypt
 51256 | Crypt:3  | Identified the +6 scale mail of the Bright God {-Tele Harm
                  | rPois SInv}
 51784 | Crypt:3  | Received a gift from Okawaru
 52176 | Crypt:3  | Found a staircase to the Tomb.
 52264 | Crypt:3  | Identified the +0 scale mail "Muixyop" {rC+ Int+8}
 52288 | Crypt:3  | Identified the staff of conjuration "Paofuim" {rCorr MP+9}
 52293 | Crypt:3  | Got the Lessons on Sinister Spells
 52732 | Shoals:1 | Killed Roxanne
 52993 | Depths:1 | Entered Level 1 of the Depths
 53115 | Depths:1 | Reached XP level 25. HP: 210/210 MP: 31/31
 53399 | Depths:1 | Found an iron altar of Okawaru.
 53510 | Depths:1 | Found a gateway to Hell.
 53700 | Depths:1 | Received a gift from Okawaru
 53768 | Depths:1 | Found a runed translucent door.
 54150 | Depths:1 | Identified the amulet of Uchuqycw {Acrobat rN+ Str+2 Int+3
                  | Slay+2}
 54459 | Shoals:3 | Bought a potion of curing for 108 gold pieces
 54465 | Shoals:3 | Bought a scroll of enchant armour for 285 gold pieces
 54718 | Depths:2 | Found a one-way gateway to a ziggurat.
 54946 | Depths:2 | Received a gift from Okawaru
 55017 | Depths:2 | Found a one-way gate leading to the halls of Pandemonium.
 55153 | Depths:2 | Acquired 1201 gold pieces
 55431 | Depths:2 | Found a sparkling altar of Nemelex Xobeh.
 55866 | Depths:3 | Found a one-way gate to the infinite horrors of the Abyss.
 56159 | Depths:3 | Identified the ring of Racvumio {rPois rF- rN+ MP+9 Str+7}
 56202 | Depths:3 | Found a transporter.
 56204 | Depths:3 | Found a transporter.
 56206 | Depths:3 | Noticed a juggernaut
 56276 | Depths:3 | Identified the +5 ring mail of Joet {*Slow rPois Int+3}
                  | (Okawaru gifted it to you on level 3 of the Depths)
 56276 | Depths:3 | Received a gift from Okawaru
 56782 | Depths:3 | Reached XP level 26. HP: 218/218 MP: 26/31
 56822 | Depths:3 | Killed a juggernaut
 56884 | Depths:3 | Got Dollouph's Thoughts on the Disjunct Winter
 56897 | Depths:3 | Identified the +1 cloak of the Apothecary {-Cast rPois
                  | rN+++ Dex+2}
 56930 | Depths:4 | Entered Level 4 of the Depths
 57404 | Depths:4 | Identified the +0 pair of gloves of the Original Sin {rF+
                  | rC+} (Okawaru gifted it to you on level 4 of the Depths)
 57404 | Depths:4 | Received a gift from Okawaru
 57451 | Depths:4 | Found a gate to the Realm of Zot.
 57907 | Depths:4 | Found a stormy altar of Qazlal.
 58304 | Vaults:5 | Entered Level 5 of the Vaults
 58378 | Vaults:4 | Reached skill level 21 in Fighting
 58709 | Vaults:5 | Identified the +8 falchion of Putrescence {antimagic, rN+++
                  | Int+3 Stlth+}
 58717 | Vaults:5 | Reached skill level 22 in Fighting
 58815 | Vaults:5 | Reached XP level 27. HP: 233/233 MP: 31/31
 58860 | Vaults:5 | Got a silver rune of Zot
 59023 | Vaults:5 | Identified the +3 scale mail of Valour {rElec Slay+3}
                  | (Okawaru gifted it to you on level 5 of the Vaults)
 59023 | Vaults:5 | Received a gift from Okawaru
 59159 | Vaults:5 | Identified the +1 scale mail of the Bruised Spirits {-Tele
                  | Will++ Regen+ MP+9}
 59161 | Vaults:5 | Got the Handbook of Chthonic Permutations
 59170 | Vaults:5 | Identified the +2 whip of Incongruity {freeze, rN+ Int+3
                  | Dex-2}
 59173 | Vaults:5 | Identified the +0 ring mail "Vokhid" {rC+ Dex+2 Stlth+}
 59375 | Vaults:5 | Identified the +8 plate armour of Dawn {Str+8 Dex+3}
 59384 | Vaults:5 | Identified the staff of poison "Ytiow" {rPois Dex+3}
 59539 | Vaults:5 | Noticed an ancient lich
 59555 | Vaults:5 | Killed an ancient lich
 59616 | Vaults:5 | Found Kole No Biro's Magic Scroll Shop.
 59616 | Vaults:5 | Found Vustif's Distillery.
 59623 | Vaults:5 | Bought a scroll of enchant armour for 105 gold pieces
 59623 | Vaults:5 | Bought a scroll of fog for 56 gold pieces
 59623 | Vaults:5 | Bought a scroll of fog for 56 gold pieces
 59631 | Vaults:5 | Bought a potion of mutation for 152 gold pieces
 59631 | Vaults:5 | Bought 2 potions of flight for 114 gold pieces
 59631 | Vaults:5 | Bought a potion of curing for 57 gold pieces
 59631 | Vaults:5 | Bought a potion of might for 76 gold pieces
 59631 | Vaults:5 | Bought a potion of heal wounds for 95 gold pieces
 59631 | Vaults:5 | Bought a potion of heal wounds for 95 gold pieces
 59638 | Vaults:5 | Found Xemeil's Distillery.
 59638 | Vaults:5 | Found Zuixoxuxt's Magic Scroll Shoppe.
 59643 | Vaults:5 | Bought a potion of heal wounds for 90 gold pieces
 59643 | Vaults:5 | Bought a potion of magic for 144 gold pieces
 59650 | Vaults:5 | Bought a scroll of enchant armour for 135 gold pieces
 59650 | Vaults:5 | Bought a scroll of magic mapping for 135 gold pieces
 59650 | Vaults:5 | Bought a scroll of fear for 72 gold pieces
 59698 | Vaults:5 | Noticed an ancient lich
 59711 | Vaults:5 | Killed an ancient lich
 59950 | Vaults:5 | Found Jufihaol's Distillery.
 59950 | Vaults:5 | Found Pisch's Magic Scroll Shoppe.
 59955 | Vaults:5 | Bought a potion of curing for 63 gold pieces
 59955 | Vaults:5 | Bought a potion of flight for 63 gold pieces
 59955 | Vaults:5 | Bought a potion of mutation for 168 gold pieces
 59955 | Vaults:5 | Bought 2 potions of heal wounds for 210 gold pieces
 59962 | Vaults:5 | Bought a scroll of fear for 76 gold pieces
 59962 | Vaults:5 | Bought a scroll of fear for 76 gold pieces
 59962 | Vaults:5 | Bought a scroll of enchant weapon for 142 gold pieces
 60073 | Vaults:5 | Identified the +4 sling of Trog's Pride {antimagic, Fragile
                  | rElec rF+ Stlth+}
 60480 | Zot:1    | Entered Level 1 of the Realm of Zot
 60662 | Zot:1    | Found the +4 moon troll leather armour {Spirit, Regen++
                  | MP+5}
 60851 | Zot:1    | Received a gift from Okawaru
 61723 | Zot:1    | Received a gift from Okawaru
 62099 | Zot:2    | Identified the +7 chain mail of Servitude {rF+} (Okawaru
                  | gifted it to you on level 2 of the Realm of Zot)
 62099 | Zot:2    | Received a gift from Okawaru
 62126 | Zot:2    | Identified the ring "Erimaivuo" {rF- Dex+6 Slay+5 Stlth+}
 63003 | Zot:3    | Found a runed translucent door.
 63018 | Zot:3    | Noticed Gadrel's ghost (veteran DgBr)
 63097 | Zot:3    | Killed Gadrel's ghost
 64014 | Zot:4    | Found a transporter.
 64015 | Zot:4    | Found a radiant altar of Vehumet.
 64027 | Zot:4    | Identified the -2 cloak of a volcano {rC+ Str+3 Stlth+}
                  | (Okawaru gifted it to you on level 4 of the Realm of Zot)
 64027 | Zot:4    | Received a gift from Okawaru
 64209 | Zot:4    | Reached skill level 15 in Invocations
 64314 | Zot:4    | Reached skill level 23 in Fighting
 64746 | Zot:4    | Noticed an ancient lich
 64747 | Zot:4    | Noticed a dread lich
 64813 | Zot:4    | Killed a dread lich
 64840 | Zot:4    | Reached skill level 24 in Fighting
 64851 | Zot:4    | Killed an ancient lich
 65006 | Zot:4    | Found a transporter.
 65047 | Zot:5    | Entered Level 5 of the Realm of Zot
 65191 | Zot:4    | Reached skill level 25 in Fighting
 65232 | Zot:5    | Received a gift from Okawaru
 65412 | Zot:5    | Noticed an orb of fire
 65412 | Zot:5    | Gained mutation: You are dopey. (Int -2) [an orb of fire]
 65423 | Zot:5    | Gained mutation: You have hidden genetic defects. [an orb
                  | of fire]
 65424 | Zot:5    | Killed an orb of fire
 65434 | Zot:5    | Lost mutation: You have hidden genetic defects. [potion of
                  | mutation]
 65434 | Zot:5    | Lost mutation: You are dopey. (Int -2) [potion of mutation]
 65434 | Zot:5    | Gained mutation: Armour fits poorly on your strangely
                  | shaped body. [potion of mutation]
 65434 | Zot:5    | Gained mutation: You occasionally lose the ability to read
                  | scrolls when taking damage. [potion of mutation]
 65434 | Zot:5    | Gained mutation: Your body sometimes deteriorates upon
                  | taking damage. [potion of mutation]
 65434 | Zot:5    | Gained mutation: You have sharp toenails. [potion of
                  | mutation]
 65435 | Zot:5    | Lost mutation: You occasionally lose the ability to read
                  | scrolls when taking damage. [potion of mutation]
 65435 | Zot:5    | Lost mutation: Armour fits poorly on your strangely shaped
                  | body. [potion of mutation]
 65435 | Zot:5    | Lost mutation: You have sharp toenails. [potion of
                  | mutation]
 65435 | Zot:5    | Gained mutation: Your flesh is heat resistant. (rF+)
                  | [potion of mutation]
 65435 | Zot:5    | Gained mutation: You are partially covered in iridescent
                  | scales. (AC +2) [potion of mutation]
 65519 | Zot:5    | Reached skill level 26 in Fighting
 65527 | Zot:5    | Noticed an orb of fire
 65545 | Zot:5    | Killed an orb of fire
 65592 | Zot:5    | Noticed an ancient lich
 65600 | Zot:5    | Killed an ancient lich
 65662 | Zot:5    | Noticed an ancient lich
 65671 | Zot:5    | Killed an ancient lich
 66030 | Zot:5    | Reached skill level 27 in Fighting
 66055 | Zot:5    | Noticed a Killer Klown
 66075 | Zot:5    | Killed a Killer Klown
 66097 | Zot:5    | Noticed a dread lich
 66109 | Zot:5    | Noticed an orb of fire
 66111 | Zot:5    | Noticed a Killer Klown
 66125 | Zot:5    | Killed an orb of fire
 66128 | Zot:5    | Killed a dread lich
 66137 | Zot:5    | Killed a Killer Klown
 66176 | Zot:5    | Noticed an orb of fire
 66176 | Zot:5    | Noticed a Killer Klown
 66187 | Zot:5    | Gained mutation: You are clumsy. (Dex -2) [an orb of fire]
 66194 | Zot:5    | Lost mutation: You are partially covered in iridescent
                  | scales. (AC +2) [an orb of fire]
 66212 | Zot:5    | Killed an orb of fire
 66214 | Zot:5    | Received a gift from Okawaru
 66236 | Zot:5    | Killed a Killer Klown
 66255 | Zot:5    | Noticed a Killer Klown
 66258 | Zot:5    | Noticed a Killer Klown
 66266 | Zot:5    | Noticed an orb of fire
 66271 | Zot:5    | Noticed an ancient lich
 66277 | Zot:5    | Noticed a dread lich
 66281 | Zot:5    | Killed an orb of fire
 66290 | Zot:5    | Killed a dread lich
 66297 | Zot:5    | Killed a Killer Klown
 66326 | Zot:5    | Killed an ancient lich
 66338 | Zot:5    | Killed a Killer Klown
 66657 | Zot:5    | Got the Orb of Zot
 66774 | Zot:2    | Noticed a seraph
 66788 | Zot:2    | Killed a seraph
 67005 | D:15     | Identified the +8 storm dragon scales of the Other Side
                  | {rElec Int+3 Dex+3} (Okawaru gifted it to you on level 15
                  | of the Dungeon)
 67005 | D:15     | Received a gift from Okawaru
 67013 | D:14     | Noticed Exkuk the pandemonium lord
 67027 | D:14     | Killed Exkuk the pandemonium lord
 67330 | D:$      | Escaped with the Orb!

Illustrated notes

Levels and vault maps discovered:
D:1:      saegor_arrival_fortress, layout_rooms
D:2:      layout_loops_corners
D:3:      kennysheep_goblin_castle, layout_basic, gammafunk_ghost_split
D:4:      minmay_door_path, layout_loops_ring, xom_teletrap_fun,
          mainiacjoe_overflow_alcove_2, glass_columns_a, uniq_crazy_yiuf_cottage
D:5:      layout_basic, gammafunk_ghost_necromancy, minmay_misc_feat_x,
          kennysheep_diamond, uniq_blork_the_orc
D:6:      layout_basic, kennysheep_cluttered_room
D:7:      layout_cave_pools, nicolae_ru_the_path_less_chosen,
          nicolae_overflow_hallway_of_the_gods, minmay_temple_entry_overgrown,
          serial_co_window_serial, co_window_paths_a, co_window_corner_a,
          co_window_of_opportunity_a, co_window_corner_a, co_window_corner_a,
          co_window_corner_ca, co_window_paths_c, co_window_2corner,
          co_window_of_opportunity_c, co_window_2corner, co_window_4corner_b,
          glass_columns_b, glass_columns_a, uniq_joseph
D:8:      layout_basic, enter_bailey_3, hangedman_decor_push, uniq_maggie,
          uniq_prince_ribbit1
D:9:      layout_basic, dpeg_lair_monsters, hiddenorc1_lemuel
D:10:     layout_roguey
D:11:     layout_roguey, uniq_josephine
D:12:     layout_rooms, dreamdust_wishing_well, uniq_erolcha, uniq_fannar
D:13:     layout_irregular_city, hangedman_vaults_entry_quadrant_bands,
          serial_shops, shop, serial_bayou_ford_a
D:14:     layout_loops_ring, serial_park_square3 [serial_park_minivault_5x5_6]
D:15:     grunt_enter_depths_hoard, layout_irregular_city,
          chequers_serial_rivers_small_a
Lair:1:   beast_lair_carwin_large_1, layout_long_grid, gauntlet_entry_generic,
          chequers_serial_rivers_marsh
Lair:2:   layout_layer_cave, minmay_shoals_entry_centaurs
Lair:3:   layout_layer_cave, hellmonk_spider_entry_not_the_bees, serial_rivers,
          chequers_serial_rivers_large_a, chequers_serial_rivers_micro_d,
          chequers_serial_rivers_room_a, chequers_serial_rivers_small_3,
          beast_lair_carwin_11
Lair:4:   layout_cave_pods, serial_forest, infiniplex_forest_clump_tiny,
          infiniplex_forest_pool, infiniplex_forest_clump_double,
          infiniplex_forest_pool, infiniplex_forest_straight_2,
          infiniplex_forest_clump_small, infiniplex_forest_lined_room_2,
          infiniplex_forest_lined_ring, infiniplex_forest_lined_ring,
          infiniplex_staircase_pool_2
Lair:5:   cheibrodos_lair_end_hotspot, layout_regular_city,
          nicolae_slime_entry_field_trip, lemuel_fruit_tree
Shoals:1: layout_shoals, nicolae_shoals_circle_sea_wall, st_cyclops,
          uniq_jorgrun, uniq_roxanne
Shoals:2: layout_shoals, uniq_ilsuiw
Shoals:3: layout_shoals, serial_shops, shop, shop, nicolae_shop_tiny_waterfront,
          nicolae_shop_advertising_works [nicolae_subvault_shop_adworks],
          nicolae_shoals_this_corrosion, uniq_polyphemus
Shoals:4: shoals_end_hellmonk_lost_city
Spider:1: layout_spider_delve, uniq_asterion
Spider:2: layout_spider_delve, nicolae_spider_shape, uniq_arachne, uniq_kirke
Spider:3: layout_spider_delve, uniq_aizul, uniq_donald
Spider:4: spider_rune_water
Orc:1:    dreamdust_under_siege, layout_diamond_mine, basic_altar,
          ebering_ghost_rock_garden
Orc:2:    st_orc_rangers, layout_diamond_mine, uniq_urug
Elf:1:    layout_geoelf_diagonals, hangedman_elf_represent,
          einodemon_barbed_minivault, minmay_shoptagon
Elf:2:    elven_hall_of_blades_hangedman_alternative [mumra_blade_entry_dagger],
          layout_geoelf_octagon, uniq_azrael
Elf:3:    elf_hall, layout_onion_city
Vaults:1: portal_desolation_entry_nicolae_nacl, v_misc_4,
          nicolae_vaults_trapezoid_lopsided_1, grunt_vaults_twisty,
          vaults_mumra_lcd, v_rooms_6, nicolae_vaults_mini_display_case,
          ontoclasm_vaults_eye, vaults_dpeg_emergency_exit,
          hangedman_vaults_trim, layout_vaults_omnigrid
Vaults:2: nicolae_vaults_disjoint_gnomons, minmay_crypt_entry_simple_plaza,
          nicolae_vaults_display_case, v_misc_2,
          nicolae_vaults_variable_pillar_hall, nicolae_vaults_surprise_closet,
          nicolae_vaults_trapezoid_2, nicolae_vaults_border_crossing,
          vaults_room_semicircle, nicolae_vaults_wine_cellar,
          layout_vaults_chaotic_city, uniq_mara, uniq_margery
Vaults:3: v_alt_pattern_6, nicolae_vaults_disjoint_gnomons,
          hangedman_vaults_trim, v_misc_28, v_misc_28,
          nicolae_vaults_tetromino_Z_1, v_misc_28, vaults_dpeg_ring,
          nicolae_vaults_tetromino_Z_2, nicolae_vaults_tetromino_L_1,
          layout_vaults_omnicross
Vaults:4: ontoclasm_vaults_gateway, vaults_mumra_hexcomb,
          nicolae_vaults_offset_grid_hallway_4, nicolae_vaults_yaktaur_gun_rack,
          nicolae_vaults_double_plus_1, hangedman_vaults_stream,
          hangedman_vaults_trim, vaults_room_large_hall, grunt_vaults_bifocal,
          v_misc_26, hangedman_vaults_restitches, nicolae_vaults_trapezoid_2,
          layout_vaults_omnibox
Vaults:5
Crypt:1:  layout_regular_city, mu_enter_wizlab_5, st_stairs_2,
          hellmonk_scarab_ruin, grunt_crypt_arrival_webbed, uniq_sojobo
Crypt:2:  layout_regular_city, nicolae_crypt_twisting_catacombs
Crypt:3:  due_elkab, layout_chaotic_city
Depths:1: layout_gridlike, hell_entry, okawaru_ov_weapons_minmay,
          minmay_misc_feat_enclosed, grunt_decor_arrowhead, minmay_st_funbox,
          minmay_starry_boxes
Depths:2: minmay_ornate_pinched, layout_gridlike, enter_ziggurat_d,
          rand_demon_pan_entry_8, nemelex_diamond_rough_becter,
          pf_hell_entry_tar_river, infiniplex_staircase_x
Depths:3: gammafunk_the_bubble [the_bubble_gammafunk_split], layout_cave_pools,
          minmay_room_of_horrors, hell_entry, serial_co_window_serial,
          co_window_corner_a, co_window_corner_a, co_window_paths_b,
          co_window_paths_a, co_window_paths_b, co_window_2corner,
          co_window_broadway_b, co_window_broadway_c, co_window_corner_cb,
          co_window_corner_ca, co_window_paths_c, co_window_unsneaky_path_e,
          glass_columns_a, glass_columns_b
Depths:4: grunt_x_marks_the_spot, layout_basic, abyss_entry, hell_entry,
          nicolae_qazlal_eye_of_the_storm
Zot:1:    layout_misc_corridors, hangedman_snake_sidewinding, uniq_josephina
Zot:2:    lemuel_draconian_sentries, layout_cellular_growth
Zot:3:    layout_onion, ebering_ghost_inner_flame, hangedman_swamp_dais
Zot:4:    gammafunk_sealed_library, layout_misc_corridors
Zot:5:    layout_misc_corridors

Skill      XL: |  1  2  3  4  5  6  7  8  9 10 11 12 13 14 15 16 17 18 19 20 21 22 23 24 25 26 27 |
---------------+----------------------------------------------------------------------------------+-----
Fighting       | 1 3 4 5 6 10 13 15 17 20 22 27 | 27.0
Ice Magic      | 5 |  5.0
Polearms       | 2 3 6 8 10 11 12 15 16 18 20 23 24 26 | 26.3
Invocations    | 4 10 15 | 15.0
Dodging        | 5 7 10 12 14 15 19 20 22 | 22.0
Armour         | 5 6 9 10 13 15 16 20 22 | 22.0
Shields        | 5 10 15 18 22 | 22.0
Stealth        | |  2.4
Spellcasting   | |  2.1

Action                     |  1- 3 |  4- 6 |  7- 9 | 10-12 | 13-15 | 16-18 | 19-21 | 22-24 | 25-27 || total
---------------------------+-------+-------+-------+-------+-------+-------+-------+-------+-------++-------
  Melee: Short sword       |    42 |   147 |       |       |       |       |       |       |       ||   189
         Punch             |       |     1 |     1 |       |       |       |       |       |       ||     2
         Halberd           |       |       |   289 |   744 |  1911 |  1947 |   550 |       |     2 ||  5443
         Bardiche          |       |       |       |       |       |       |  1138 |  1878 |  3441 ||  6457
  Throw: Throwing net      |       |       |       |       |       |       |       |       |     1 ||     1
   Cast: Freeze            |    32 |    25 |       |       |       |       |       |       |       ||    57
 Invoke: Heroism           |       |       |     4 |    10 |     2 |    10 |     5 |     4 |    14 ||    49
         Finesse           |       |       |       |     4 |     1 |     5 |     1 |     1 |     8 ||    20
Ability: Dig               |       |       |     1 |     2 |     4 |     6 |     2 |     1 |    12 ||    28
  Evoke: Wand              |       |       |    15 |    19 |       |     6 |     2 |       |       ||    42
    Use: Scroll            |       |     5 |     2 |     4 |     9 |    10 |     8 |     1 |    18 ||    57
         Potion            |       |     1 |     1 |     6 |       |    10 |       |       |    16 ||    34
   Stab: Sleeping          |     2 |    13 |     5 |       |     3 |     8 |     1 |     2 |       ||    34
         Distracted        |       |       |     1 |       |     1 |     2 |       |     4 |     2 ||    10
         Invisible         |       |       |       |    21 |       |    18 |       |       |       ||    39
         Confused          |       |       |       |       |       |       |       |       |     3 ||     3
         Held in net/web   |       |       |       |       |       |       |       |       |     2 ||     2
 Armour: Robe              |    17 |    32 |    54 |       |       |       |       |       |       ||   103
         Ring mail         |       |       |    24 |   215 |   472 |   311 |    85 |       |       ||  1107
         Leather armour    |       |       |    10 |     8 |       |       |       |       |       ||    18
         Skin              |       |       |       |     8 |       |       |       |       |       ||     8
         Chain mail        |       |       |       |       |       |       |   106 |   145 |    26 ||   277
         Gold dragon scale |       |       |       |       |       |       |       |       |   653 ||   653
  Dodge: Dodged            |    25 |    92 |   130 |   231 |   445 |   445 |   293 |   409 |  1507 ||  3577
  Block: Buckler           |       |       |       |   127 |     4 |       |       |       |       ||   131
         Kite shield       |       |       |       |       |   527 |       |       |       |       ||   527
         Tower shield      |       |       |       |       |   560 |  1943 |  1475 |  1909 |  3548 ||  9435
         Reflection        |       |       |       |       |       |       |    81 |    96 |       ||   177
